 Dungeon Crawl Stone Soup version 0.24-a0-277-g67e6301 (webtiles) character file.

Game seed: 17202934148515456382

1653 wirefist the Skirmisher (level 8, -3/73 HPs)
             Began as a Yellow Draconian Monk on Apr 28, 2019.
             Slain by a sky beast (5 damage)
             ... on level 6 of the Dungeon.
             The game lasted 00:11:08 (4347 turns).

wirefist the Skirmisher (Yellow Draconian Monk)     Turns: 4347, Time: 00:11:08

Health: -3/73      AC: 10    Str: 15    XL:     8   Next: 68%
Magic:  0/8        EV: 13    Int: 12    God:
Gold:   138        SH:  9    Dex: 13    Spells: 7/7 levels left

rFire    . . .     SeeInvis .   t - +3 morningstar (flame)
rCold    . . .     Gourm    .   v - +0 shield
rNeg     . . .     Faith    .   (armour unavailable)
rPois    +         Spirit   +   (helmet restricted)
rElec    .         Reflect  .   p - +2 cloak {rPois}
rCorr    +         Harm     .   r - +0 pair of gloves
MR       .....                  (no boots)
Stlth    +++.......             B - amulet of guardian spirit
HPRegen  0.22/turn              h - ring of stealth
MPRegen  0.11/turn              (no ring)

@: lethally poisoned (-3 -> -4)
A: spit acid, unfitting armour, cold-blooded, acid resistance, AC +6
a: Breathe Acid


You were on level 6 of the Dungeon.
You were very hungry.

You visited 1 branch of the dungeon, and saw 6 of its levels.

You collected 192 gold pieces.
You spent 54 gold pieces at shops.

Inventory:

Hand Weapons
 a - a +0 mace
 t - a +3 morningstar of flaming (weapon)
Armour
 p - a +2 cloak of poison resistance (worn)
 r - a +0 pair of gloves (worn)
 v - a +0 shield (worn)
Jewellery
 h - a ring of stealth (left hand)
 o - an uncursed amulet of the acrobat
 B - an amulet of guardian spirit (around neck)
Wands
 w - a wand of iceblast (7)
 D - a wand of digging (7)
Scrolls
 c - 4 scrolls of teleportation
 e - 5 scrolls of identify
 g - a scroll of fog
 k - 3 scrolls of remove curse
Potions
 d - a potion of degeneration {unknown}
 f - a potion of magic {unknown}
 l - a potion of might {unknown}
 m - a potion of haste {unknown}
 q - a potion of curing {unknown}
 s - a potion of brilliance {unknown}
 A - a potion of heal wounds
Comestibles
 b - 10 rations


   Skills:
 + Level 7.2 Fighting
 + Level 6.6 Maces & Flails
 + Level 6.0 Dodging
 - Level 1.7 Stealth
 + Level 4.0 Shields


You had 7 spell levels left.
You didn't know any spells.
Your spell library was empty.

Dungeon Overview and Level Annotations

Branches:
Dungeon (6/15)
 Temple: D:4-7

Altars:
Cheibriados
Gozag
Qazlal
The Shining One

Shops:
D:4 [


Innate Abilities, Weirdness & Mutations

You can spit globs of acid.
Your golden yellow scales are hard. (AC +6)
You cannot fit into any form of body armour.
You are cold-blooded and may be slowed by cold attacks.
You are resistant to acid. (rCorr)


Message History

Something shocks you.
* * * LOW HITPOINT WARNING * * *
You are feeling very hungry.
You completely miss something.
You feel sick. You block the leopard gecko's attack.
Something hits you but does no damage.
The leopard gecko bites you but does no damage.
You closely miss the leopard gecko. You tail-slap the leopard gecko.
The leopard gecko is heavily wounded.
Something hits you but does no damage.
The leopard gecko bites you but does no damage.
Unknown command.
You barely miss the leopard gecko.
The leopard gecko is heavily wounded.
The leopard gecko bites you.
* * * LOW HITPOINT WARNING * * *
Something hits you but does no damage. You block the leopard gecko's attack.
Something hits you.
* * * LOW HITPOINT WARNING * * *
Something shocks you.
You die...

#### ##..## ###
#....# ##.# ##...#
####..####....#
##.##..........##
###...##.##...#...#
......#......###..#
##[..#.#....(..l@.#
###..#.#....#.#)###
.#.........####..#
##...#..##.# .. .
#....#.##... ##.
....#........ ..
.#..............
.#......_.. ..
...........


You could see a leopard gecko.

Vanquished Creatures
  Grinder (D:4)
  Prince Ribbit (D:5)
  Sigmund (D:5)
  Edmund (D:5)
  Duvessa (D:5)
  An orc warrior (D:6)
  A sky beast (D:5)
  An ogre (D:5)
  Dowan (D:5)
  A scorpion (D:5)
  2 crimson imps (D:5)
  A hound (D:5)
  2 jellies (D:5)
  2 orc wizards
  Ijyb (D:5)
  4 worker ants
  Robin (D:4)
  A howler monkey zombie (D:6)
  2 adders
  3 gnolls (D:5)
  A shadow imp (D:5)
  An ooze (D:3)
  2 adder skeletons
  3 worms
  2 dart slugs
  2 leopard geckos
  7 orcs
  2 ball pythons
  3 giant cockroaches
  11 hobgoblins
  6 jackals
  2 quokkas
  6 bats
  6 frilled lizards
  17 goblins
  6 kobolds
  6 rats
112 creatures vanquished.

Notes
Turn   | Place    | Note
-------+----------+-------------------------------------------
     0 | D:1      | wirefist the Draconian Monk began the quest for the Orb.
     0 | D:1      | Reached XP level 1. HP: 19/19 MP: 1/1
    30 | D:1      | Reached XP level 2. HP: 16/26 MP: 2/2
   804 | D:2      | Reached XP level 3. HP: 33/33 MP: 3/3
  1410 | D:2      | Reached skill level 4 in Fighting
  1849 | D:3      | Reached XP level 4. HP: 40/40 MP: 4/4
  2358 | D:4      | Found Uwnixeck's Armour Emporium.
  2371 | D:4      | Bought a +0 pair of gloves for 54 gold pieces
  2427 | D:4      | Noticed Robin
  2535 | D:4      | Killed Robin
  2535 | D:4      | Reached XP level 5. HP: 43/47 MP: 5/5
  2636 | D:4      | Noticed Grinder
  2690 | D:4      | Paralysed by Grinder for 4 turns
  2703 | D:4      | Paralysed by Grinder for 5 turns
  2709 | D:4      | Killed Grinder
  2709 | D:4      | Reached skill level 5 in Fighting
  2709 | D:4      | Reached XP level 6. HP: 24/56 MP: 6/6
  3280 | D:5      | Entered Level 5 of the Dungeon
  3291 | D:5      | Reached skill level 5 in Maces & Flails
  3307 | D:5      | Noticed Prince Ribbit
  3594 | D:5      | Reached skill level 1 in Shields
  3594 | D:5      | Your scales start taking on a golden yellow colour.
  3594 | D:5      | Reached XP level 7. HP: 62/62 MP: 7/7
  3594 | D:5      | Gained mutation: You are resistant to acid. (rCorr) [Yellow
                  | Draconian growth]
  3724 | D:5      | Killed Prince Ribbit
  3724 | D:5      | Reached skill level 6 in Fighting
  3724 | D:5      | Reached skill level 5 in Dodging
  3844 | D:5      | Noticed Duvessa
  3877 | D:5      | Killed Duvessa
  3877 | D:5      | Reached XP level 8. HP: 65/71 MP: 1/8
  3891 | D:5      | Noticed Dowan
  3902 | D:5      | Killed Dowan
  3912 | D:5      | Noticed Sigmund
  3944 | D:5      | Killed Sigmund
  4011 | D:5      | Found an opulent altar of Gozag.
  4055 | D:5      | Noticed Ijyb
  4060 | D:5      | Noticed Edmund
  4064 | D:5      | Killed Ijyb
  4073 | D:5      | Killed Edmund
  4073 | D:5      | Reached skill level 7 in Fighting
  4292 | D:6      | Found a snail-covered altar of Cheibriados.
  4295 | D:6      | Found a stormy altar of Qazlal.
  4297 | D:6      | Found a glowing golden altar of the Shining One.
  4347 | D:6      | HP: 3/73 [leopard gecko (2)]
  4347 | D:6      | Slain by a sky beast

Levels and vault maps discovered:
D:1:      dpeg_arrival_rooms_c, layout_rooms, corexii_hall_statues_t
D:2:      layout_basic
D:3:      layout_basic, serial_glass, glass_columns_c, glass_columns_a,
          first_ration, kennysheep_generic_room_14
D:4:      layout_basic, serial_shops, shop, uniq_grinder, uniq_robin
D:5:      layout_loops_ring, lemuel_statue_altar, uniq_edmund, uniq_sigmund,
          uniq_ijyb, uniq_prince_ribbit1, uniq_duvessa
D:6:      minmay_chambers_of_threes, layout_cave_pools,
          grunt_temple_overflow_open, minmay_temple_entry_statues_fountains

Skill      XL: |  1  2  3  4  5  6  7  8 |
---------------+-------------------------+-----
Dodging        | 3 4 5 6 |  6.0
Fighting       | 4 5 6 7 |  7.2
Maces & Flails | 4 5 6 |  6.6
Shields        | 1 2 4 |  4.0
Stealth        | |  1.7

Action                   |  1- 3 |  4- 6 |  7- 9 || total
-------------------------+-------+-------+-------++-------
Melee: Mace              |   153 |    78 |       ||   231
       Tailslap          |    17 |    18 |    10 ||    45
       Morningstar       |       |    76 |   100 ||   176
 Abil: Breathe Acid      |       |       |     8 ||     8
  Use: Scroll            |     2 |     2 |    11 ||    15
 Stab: Sleeping          |     9 |     3 |     5 ||    17
  Eat: Chunk             |     3 |     6 |     3 ||    12
Armor: Skin              |    45 |    62 |    28 ||   135
Dodge: Dodged            |   112 |    92 |    59 ||   263
Block: Shield            |       |    15 |    42 ||    57

Table legend:
 A = Non-vault XP
 B = Vault XP
 C = Vault XP percentage of total XP
 D = Non-vault monster count
 E = Vault monster count
 F = Vault count percentage of total count
                 A         B        C        D         E       F
            +---------+---------+-------+---------+---------+-------
      Total |    1127 |    1235 |  52.3 |      93 |      19 |  17.0
            +---------+---------+-------+---------+---------+-------
        D:1 |      35 |       0 |   0.0 |      19 |       0 |   0.0
        D:2 |      53 |       0 |   0.0 |      22 |       0 |   0.0
        D:3 |      50 |       2 |   3.8 |      17 |       1 |   5.6
        D:4 |     125 |     324 |  72.2 |       8 |      12 |  60.0
        D:5 |     674 |     909 |  57.4 |      21 |       6 |  22.2
        D:6 |     190 |       0 |   0.0 |       6 |       0 |   0.0
            +---------+---------+-------+---------+---------+-------
